 Dungeon Crawl Stone Soup version 0.20-b1-2-gc5a9893 (webtiles) character file.

243 KeyserSoze the Sneak (level 5, -5/25 HPs)
             Began as a Spriggan Assassin on May 22, 2017.
             Killed from afar by an orc wizard (8 damage)
             ... with a magic dart
             ... on level 4 of the Dungeon.
             The game lasted 00:30:13 (4115 turns).

KeyserSoze the Sneak (Spriggan Assassin)            Turns: 4115, Time: 00:30:14

Health: -5/25      AC:  3    Str:  7      XL:     5   Next: 82%
Magic:  7/7        EV: 21    Int: 10 (13) God:
Gold:   215        SH:  0    Dex: 16 (18) Spells: 6/6 levels left

rFire    . . .     SeeInvis +   u - +0 short sword (speed)
rCold    . . .     Gourm    .   (shield restricted)
rNeg     . . .     Faith    .   c - +0 robe
rPois    .         Spirit   .   (helmet restricted)
rElec    .         Reflect  .   d - +0 cloak
rCorr    +         Harm     .   (gloves unavailable)
MR       .....                  (boots unavailable)
Stlth    +++.......             (no amulet)
Regen    0.1/turn               m - ring of resist corrosion
MPRegen  0.1/turn               (no ring)

@: very quick
A: unfitting armour, see invisible, deterioration 1, herbivore 3, speed 3, sense
surroundings 1, slow metabolism 2
a: no special abilities


You were on level 4 of the Dungeon.
You were very hungry.

You visited 1 branch of the dungeon, and saw 4 of its levels.

You collected 215 gold pieces.

Inventory:

Hand Weapons
 b - a +0 blowgun
 p - a +0 blowgun
 u - a +0 short sword of speed (weapon)
Missiles
 e - 16 poisoned needles
 f - 2 curare-tipped needles
 q - 14 tomahawks (quivered)
Armour
 c - a +0 robe (worn)
 d - a +0 cloak (worn)
Jewellery
 m - a ring of resist corrosion (left hand)
Wands
 l - a wand of confusion (22/48)
Scrolls
 a - a scroll of teleportation
 n - 3 scrolls of identify
 r - 2 scrolls of enchant armour
Potions
 i - a potion of lignification
 j - 3 potions of curing
 k - 2 potions of flight
 o - a potion of invisibility
Comestibles
 g - 2 bread rations
 h - a fruit


   Skills:
 - Level 1.5 Fighting
 - Level 4.2 Short Blades
 * Level 2.8 Throwing
 * Level 5.9 Dodging
 + Level 6.1 Stealth
 - Level 1.0 Spellcasting


You had 6 spell levels left.
You didn't know any spells.

Dungeon Overview and Level Annotations

Branches:
Dungeon (4/15)
 Temple: D:4-7

Altars:
Sif Muna

Annotations:
D:3 Exporg's ghost, weakling DESu


Innate Abilities, Weirdness & Mutations

You are very small and have problems with some larger weapons.
You are too small for most types of armour.
You have supernaturally acute eyesight. (SInv)
You are a herbivore.
You cover ground extremely quickly.
You need consume almost no food.
Your body sometimes deteriorates upon taking damage.
You passively map a small area around you.


Message History

You completely miss the scorpion.
The scorpion is heavily wounded.
The orc wizard hits you with a dagger. The scorpion misses you.
You closely miss the scorpion.
The scorpion is heavily wounded.
The orc wizard casts a spell at you. The puff of flame hits you!
Your body deteriorates!
You feel dopey.
You hit the scorpion.
The scorpion is heavily wounded.
The scorpion misses you.
The orc wizard points at you and mumbles some strange words.
The puff of flame hits you!
* * * LOW HITPOINT WARNING * * *
You hit the scorpion but do no damage.
The scorpion is heavily wounded.
The orc wizard is no longer moving quickly.
The orc wizard gestures at you while chanting.
The magic dart hits you!
You die...

* #....# #..#.# #########
, #..#.# #.......###### ,
* #.o#.#####
#.###........# ,
,#..#..o..# #.###........#
#..#####.# #............#
**#..#..o..#
#.....>......#
,#(.#.#######o((.........#
,#...(...s@osoo...#####$..
#############.h......####
, , ............# * ,, *
#...........# ,, * ,
#..>........# , ,
#..$######...# * #...* ,,
...# * ,#### O..# , ** * ,
,


You could see a scorpion, a hound, an orc wizard, 3 orcs and a giant cockroach.

Vanquished Creatures
  A jelly (D:3)
  Jessica (D:3)
  An iguana (D:3)
  Terence (D:3)
  3 adders
  An ooze (D:3)
  A worm (D:2)
  3 dart slugs
  3 leopard geckos
  7 orcs (D:3)
  A ball python (D:2)
  3 giant cockroaches
  5 goblins
  4 hobgoblins
  9 jackals
  A quokka (D:2)
  13 bats
  2 frilled lizards
  14 kobolds
  10 rats
84 creatures vanquished.

Notes
Turn   | Place    | Note
-------+----------+-------------------------------------------
     0 | D:1      | KeyserSoze the Spriggan Assassin began the quest for the Orb.
     0 | D:1      | Reached XP level 1. HP: 10/10 MP: 2/2
   138 | D:1      | Reached XP level 2. HP: 9/14 MP: 3/3
   519 | D:1      | Reached XP level 3. HP: 9/18 MP: 4/4
  1555 | D:2      | Reached XP level 4. HP: 11/22 MP: 5/5
  1964 | D:2      | Gained mutation: You do not regenerate when monsters are visible. [potion of mutation]
  1964 | D:2      | Gained mutation: Your flesh is heat resistant. (rF+) [potion of mutation]
  1965 | D:2      | Lost mutation: You do not regenerate when monsters are visible. [potion of mutation]
  1965 | D:2      | Lost mutation: Your flesh is heat resistant. (rF+) [potion of mutation]
  1965 | D:2      | Gained mutation: Your body sometimes deteriorates upon taking damage. [potion of mutation]
  1965 | D:2      | Gained mutation: You passively map a small area around you. [potion of mutation]
  2281 | D:3      | Found a deep blue altar of Sif Muna.
  2294 | D:3      | Noticed Terence
  2329 | D:3      | Killed Terence
  2502 | D:3      | Reached skill level 5 in Dodging
  2664 | D:3      | Noticed Exporg's ghost (weakling DESu)
  2678 | D:3      | Reached skill level 1 in Spellcasting
  2678 | D:3      | Reached XP level 5. HP: 5/25 MP: 5/7
  3626 | D:3      | Reached skill level 6 in Stealth
  3754 | D:3      | Noticed Jessica
  3766 | D:3      | Killed Jessica
  4085 | D:4      | Noticed an ogre
  4115 | D:4      | Killed from afar by an orc wizard

Skill      XL: |  1  2  3  4  5 |
---------------+----------------+-----
Dodging        | 2 3 4 5 |  5.9
Short Blades   | 3 4 |  4.2
Spellcasting   | 1 |  1.0
Stealth        | 6 |  6.1
Fighting       | |  1.5
Throwing       | |  2.8

Action                   |  1- 3 |  4- 6 || total
-------------------------+-------+-------++-------
Melee: Dagger            |   147 |    13 ||   160
       Short sword       |       |   157 ||   157
       Blowgun           |       |     1 ||     1
 Fire: Blowgun           |    25 |    59 ||    84
Throw: Tomahawk          |       |     8 ||     8
  Use: Potion            |       |    11 ||    11
       Scroll            |       |     4 ||     4
 Stab: Sleeping          |     6 |     3 ||     9
Armor: Robe              |    28 |    23 ||    51
Dodge: Dodged            |   177 |   195 ||   372
